 Dungeon Crawl Stone Soup version 0.19.5 (webtiles) character file.

60028 grindst0ne the Severer (level 14, -20/129 HPs)
             Began as a Hill Orc Berserker on May 1, 2017.
             Was a High Priest of Trog.
             Demolished by a very large slime creature (50 damage)
             ... on level 12 of the Dungeon.
             The game lasted 02:32:52 (26322 turns).

grindst0ne the Severer (Hill Orc Berserker)        Turns: 26322, Time: 02:32:55

Health: -20/129    AC: 23    Str: 20 (21) XL:     14   Next: 97%
Magic:  7/7        EV: 14    Int:  9 (10) God:    Trog [*****.]
Gold:   638        SH:  0    Dex: 14      Spells: 0 memorised, 13 levels left

rFire  + + .     SeeInvis .     q - +9 executioner's axe (antimagic)
rCold  . . .     Gourm    .     P - +4 scale mail {rF+}
rNeg   . . .     Faith    +     (shield currently unavailable)
rPois  +         Spirit   .     (no helmet)
rElec  .         Reflect  .     F - +0 cloak
rCorr  .         Harm     .     O - +1 pair of gloves
MR     +....                    I - +2 pair of boots {run}
Stlth  +.........               R - amulet of faith
                                B - ring of Surprise {rPois rF+ Int+3 Stlth+}
                                V - ring of flight

@: drained, quick
A: hooves 1, icy blue scales 1, deterioration 1, high mp 1
a: Berserk, Trog's Hand, Brothers in Arms, Burn Spellbooks, Renounce Religion,
Evoke Flight


You were on level 12 of the Dungeon.
You worshipped Trog.
Trog was extremely pleased with you.
You were hungry.

You visited 2 branches of the dungeon, and saw 18 of its levels.
You also visited: Labyrinth and Sewer.

You collected 1275 gold pieces.
You spent 637 gold pieces at shops.

Inventory:

Hand Weapons
 b - a +1 battleaxe of flaming
 q - a +9 antimagic executioner's axe (weapon)
 v - the +9 war axe of Egoclez {freeze, *Rage +Rage rC+ MR+ MP+9}
   (You found it in a sewer)

   It has been specially enchanted to freeze those struck by it, causing extra
   injury to most foes and up to half again as much damage against particularly
   susceptible opponents.
   It can also slow down cold-blooded creatures.
   It protects you from cold.
   It affects your resistance to hostile enchantments.
   It affects your magic capacity (+9).
   It lets you go berserk.
   It may make you go berserk in combat.
Missiles
 z - 2 tomahawks of returning (quivered)
Armour
 F - a +0 cloak (worn)
 I - a +2 pair of boots of running (worn)
 O - a +1 pair of gloves (worn)
 P - a +4 scale mail of fire resistance (worn)
Rods
 G - a +2 iron rod (15/15)
   (You found it on level 4 of the Dungeon)
Jewellery
 a - an uncursed ring of positive energy
 n - an uncursed ring of protection from fire
 B - the ring of Surprise (right hand) {rPois rF+ Int+3 Stlth+}
   (You found it on level 12 of the Dungeon)

   [ring of intelligence]

   It affects your intelligence (+3).
   It protects you from fire.
   It protects you from poison.
   It makes you more stealthy.
 J - an uncursed ring of resist corrosion
 K - an uncursed ring of protection from cold
 R - an amulet of faith (around neck)
 U - an uncursed ring of see invisible
 V - a ring of flight (left hand)
Wands
 d - a wand of polymorph (16/24)
 M - a wand of paralysis (4/24)
 Y - a wand of confusion (29/48)
Scrolls
 l - 4 scrolls of fog
 m - 3 scrolls of magic mapping
 r - 4 scrolls of fear
 s - 5 scrolls of recharging
 A - 4 scrolls of identify
 D - 11 scrolls of remove curse
 Q - 3 scrolls of enchant armour
 W - 2 scrolls of teleportation
Potions
 e - 2 potions of cancellation
 i - 2 potions of haste
 k - 3 potions of resistance
 o - 2 potions of magic
 t - 4 potions of lignification
 x - 2 potions of heal wounds
 C - 3 potions of might
 H - 2 potions of ambrosia
 S - 3 potions of invisibility
 X - 5 potions of curing
Miscellaneous
 c - a lamp of fire
 T - a sack of spiders
Comestibles
 f - 7 meat rations
 g - 8 royal jellies
 h - 7 chunks of flesh
 j - 2 beef jerkies
 w - 3 bread rations
 E - a slice of pizza
 L - 45 fruits


   Skills:
 - Level 13.6(12.7) Fighting
 + Level 17.9(16.9) Axes
 * Level 14.2(13.3) Armour
 + Level 8.0(7.2) Dodging
 + Level 9.2(8.4) Evocations


You had 13 spell levels left.
You didn't know any spells.

Dungeon Overview and Level Annotations

Branches:
Dungeon (12/15)            Temple (0/1) D:4            Lair (6/6) D:11
 Shoals (0/4) Lair:4       Spider (0/4) Lair:4        Slime (0/5) Lair:5
    Orc (0/2) D:11

Altars:
Cheibriados
Dithmenos
Fedhas
Gozag
Hepliaklqana
Makhleb
Okawaru
Qazlal
Ru
Sif Muna
Trog
Xom
Yredelemnul
Zin

Shops:
D:7 [   D:12 !


Innate Abilities, Weirdness & Mutations

You have large cloven feet.
You are partially covered in icy blue scales. (AC +2)
Your body sometimes deteriorates upon taking damage.
You have an increased reservoir of magic. (+10% MP)


Message History

The yak misses you.
You hit the yak.
The yak is almost dead.
You are feeling hungry.
The yak barely misses you.
You slice the yak!!
You kill the yak!
Trog accepts your kill.
You slice the very large slime creature!!
The very large slime creature is lightly wounded.
The very large slime creature hits you!!
Your body deteriorates!
You feel dopey.
The orc warrior hits you but does no damage.
You slice the very large slime creature!!
The very large slime creature is moderately wounded.
The very large slime creature hits you!!
* * * LOW HITPOINT WARNING * * *
The orc warrior hits you but does no damage.
The very large slime creature hits you!!!
You die...

##.........#.#
#.
#..###...#####
# #..# #####
#..# #..#
#..###
#.†.[#### #
#.†.(.... §.
#@##.#### ..
#J# .# .. #o#
.# #.# ... ...
#.# #.# .).≈≈


You could see a very large slime creature and an orc warrior.

Vanquished Creatures
  A minotaur (Lab)
  7 hydras
  7 death yaks
  An unseen horror (D:10)
  A hill giant (D:12)
  Pikel (D:6)
  An ugly thing (D:12)
  A manticore (D:12)
  A cyclops (D:11)
  12 elephants
  7 black mambas
  24 spiny frogs
  A gargoyle (D:12)
  3 rime drakes
  5 komodo dragons
  3 trolls
  A queen bee (D:10)
  2 two-headed ogres (D:10)
  Prince Ribbit (D:7)
  5 tyrant leeches (Lair:6)
  Grinder (D:4)
  9 blink frogs
  2 dream sheep (Lair:6)
  The ghost of Frank the Shield-Bearer, an amateur GrFi (D:3)
  2 slime creatures (D:12)
  3 hippogriffs
  6 spriggans (Lair:1)
  47 yaks
  2 vampires (D:10)
  2 wyverns (D:12)
  2 hungry ghosts
  Menkaure (D:6)
  7 vampire mosquitoes
  14 porcupines
  14 water moccasins
  Purgy (Sewer)
  2 ice beasts
  11 orc warriors
  2 black bears
  A necrophage (D:8)
  A sky beast (D:5)
  15 wolves
  11 ogres
  4 centaurs
  2 phantoms
  18 crocodiles
  4 big kobolds
  26 bullfrogs
  2 gnoll sergeants (D:11)
  6 scorpions
  27 killer bees
  2 howler monkeys
  5 electric eels (Lair:6)
  9 crimson imps
  2 quasits
  2 bullfrog zombies
  2 jellies
  A centaur zombie (D:6)
  8 hounds
  A centaur skeleton (D:11)
  15 orc priests
  Crazy Yiuf (D:6)
  2 bullfrog skeletons
  30 orc wizards
  3 iguanas
  4 gnoll shamans (D:8)
  12 worker ants
  A hound zombie (D:6)
  A hound skeleton (D:5)
  2 worker ant zombies
  15 gnolls
  18 adders
  An ooze (D:1)
  An adder zombie (D:9)
  3 adder skeletons
  6 worms
  6 dart slugs
  2 leopard geckos
  72 orcs
  11 bats
  10 giant cockroaches
  2 gnoll zombies (D:8)
  9 goblins
  12 hobgoblins
  16 jackals
  3 quokkas
  3 ball pythons
  A frilled lizard (D:4)
  A jackal skeleton (D:4)
  21 kobolds
  A leopard gecko skeleton (D:4)
  A leopard gecko zombie (D:8)
  A quokka skeleton (D:5)
  6 rats
  8 fungi
  12 plants
676 creatures vanquished.

Vanquished Creatures (collateral kills)
  A hydra (Lair:6)
  A death yak (Lair:1)
  3 spiny frogs (Lair:6)
  3 dream sheep (Lair:6)
  A yak (Lair:6)
  A vampire mosquito (Lair:6)
  A bullfrog (Lair:6)
  An electric eel (Lair:6)
12 creatures vanquished.

Vanquished Creatures (others)
  A crimson imp (D:6)
  A worker ant (D:6)
  16 fungi
  62 plants
80 creatures vanquished.

Grand Total: 768 creatures vanquished

Notes
Turn   | Place    | Note
-------+----------+-------------------------------------------
     0 | D:1      | grindst0ne the Hill Orc Berserker began the quest for the Orb.
     0 | D:1      | Reached XP level 1. HP: 19/19 MP: 1/1
   521 | D:1      | Reached XP level 2. HP: 27/27 MP: 2/2
   849 | D:1      | Reached XP level 3. HP: 31/34 MP: 3/3
  1429 | D:2      | Reached skill level 5 in Axes
  1671 | D:2      | Reached XP level 4. HP: 14/41 MP: 4/4
  1687 | D:2      | Reached ** piety under Trog
  1992 | D:2      | Reached skill level 5 in Fighting
  2702 | D:3      | Reached XP level 5. HP: 42/48 MP: 5/5
  2818 | D:3      | Reached skill level 6 in Axes
  3029 | D:3      | Noticed Frank's ghost (amateur GrFi)
  3062 | D:3      | Killed Frank's ghost
  3062 | D:3      | Reached skill level 7 in Axes
  3062 | D:3      | Reached XP level 6. HP: 43/58 MP: 6/6
  3214 | D:3      | Found a glowing drain.
  3256 | Sewer    | Entered a sewer
  3277 | Sewer    | Reached *** piety under Trog
  3335 | Sewer    | Noticed Purgy
  3371 | Sewer    | Killed Purgy
  3371 | Sewer    | Reached XP level 7. HP: 65/66 MP: 7/7
  3396 | Sewer    | Got a smoking war axe
  3397 | Sewer    | Identified the +9 war axe of Egoclez {freeze, *Rage +Rage rC+ MR+ MP+9} (You found it in a sewer)
  3524 | D:3      | Found an opulent altar of Gozag.
  3584 | D:3      | Reached skill level 8 in Axes
  3762 | D:3      | Found a glowing silver altar of Zin.
  3803 | D:3      | You fall through a shaft for 2 floors!
  3803 | D:5      | Entered Level 5 of the Dungeon
  3803 | D:5      | Found an opulent altar of Gozag.
  3968 | D:5      | Reached skill level 9 in Axes
  4029 | D:5      | Reached XP level 8. HP: 74/75 MP: 8/8
  4128 | D:5      | Found a blossoming altar of Fedhas.
  4435 | D:4      | Found a stormy altar of Qazlal.
  4445 | D:4      | Found a staircase to the Ecumenical Temple.
  4593 | D:4      | Reached **** piety under Trog
  4631 | D:4      | Found a snail-covered altar of Cheibriados.
  4636 | D:4      | Noticed Grinder
  4644 | D:4      | Reached skill level 10 in Axes
  4666 | D:4      | Killed Grinder
  4887 | D:4      | Got a fine falchion
  4892 | D:4      | Identified a scroll of acquirement
  4895 | D:4      | Got a pair of encrusted boots
  4906 | D:4      | Identified the +0 pair of boots of Inevitability {rCorr Dex+4} (You acquired it on level 4 of the Dungeon)
  5097 | D:4      | Found a deep blue altar of Sif Muna.
  5610 | D:5      | Found a burning altar of Makhleb.
  5614 | D:5      | Found a bloodstained altar of Trog.
  5619 | D:5      | Found a shadowy altar of Dithmenos.
  5659 | D:5      | Reached skill level 10 in Fighting
  5663 | D:5      | Reached XP level 9. HP: 77/85 MP: 9/9
  5665 | D:5      | Reached skill level 11 in Axes
  6245 | D:6      | Noticed Menkaure
  6250 | D:6      | Killed Menkaure
  6383 | D:6      | Found an iron altar of Okawaru.
  6383 | D:6      | Noticed Pikel
  6399 | D:6      | Killed Pikel
  6399 | D:6      | Reached skill level 12 in Axes
  6482 | D:6      | Found a runed door.
  6489 | D:6      | Noticed Crazy Yiuf
  6493 | D:6      | Killed Crazy Yiuf
  6896 | D:7      | Reached XP level 10. HP: 97/97 MP: 10/10
  6900 | D:7      | Reached skill level 13 in Axes
  6912 | D:7      | Found a shimmering altar of Xom.
  6960 | D:7      | Noticed Prince Ribbit
  6969 | D:7      | Killed Prince Ribbit
  7445 | D:7      | Found a hazy altar of Hepliaklqana.
  7470 | D:7      | Found Kyek Itt's Armour Shoppe.
  7612 | D:8      | Got a faintly glowing scale mail
  7623 | D:8      | Identified the cursed +1 scale mail "Pafrex" {*Drain Str+3 Stlth+} (You found it on level 8 of the Dungeon)
  7928 | D:8      | Reached ***** piety under Trog
  8290 | D:8      | Found a basalt altar of Yredelemnul.
  8377 | D:8      | Found a sacrificial altar of Ru.
  8382 | D:8      | Reached skill level 14 in Axes
  8449 | D:8      | Received a gift from Trog
  8730 | D:8      | Found a basalt altar of Yredelemnul.
 10174 | D:9      | Reached XP level 11. HP: 95/107 MP: 3/11
 10234 | D:9      | Reached skill level 1 in Evocations
 10341 | D:9      | Received a gift from Trog
 10555 | D:9      | Found an iron altar of Okawaru.
 10769 | D:9      | Gained mutation: You are partially covered in icy blue scales. (AC +2) [potion of mutation]
 10769 | D:9      | Gained mutation: You have an increased reservoir of magic. (+10% MP) [potion of mutation]
 10769 | D:9      | Gained mutation: You have large cloven feet. [potion of mutation]
 10841 | D:10     | Entered Level 10 of the Dungeon
 10865 | D:10     | Killed an unseen horror
 10865 | D:10     | Reached skill level 15 in Axes
 10865 | D:10     | Reached skill level 5 in Armour
 10952 | D:10     | Received a gift from Trog
 11530 | D:10     | Noticed a seven-headed hydra
 11538 | D:10     | Killed a three-headed hydra
 12648 | D:11     | Found a staircase to the Lair.
 12746 | Lair:1   | Entered Level 1 of the Lair of Beasts
 13036 | Lair:1   | Reached XP level 12. HP: 76/115 MP: 5/16
 13401 | Lair:1   | Received a gift from Trog
 14322 | Lair:2   | Noticed a death yak
 14323 | Lair:2   | Noticed a death yak
 14325 | Lair:2   | Noticed a death yak
 14326 | Lair:2   | Noticed a death yak
 14455 | Lair:1   | Killed a death yak
 14455 | Lair:1   | Reached skill level 5 in Evocations
 14552 | Lair:2   | Killed a death yak
 14565 | Lair:1   | HP: 5/115 [death yak (17)]
 14571 | Lair:1   | Killed a death yak
 14571 | Lair:1   | Reached skill level 16 in Axes
 14815 | Lair:2   | Killed a death yak
 14815 | Lair:2   | Reached skill level 5 in Dodging
 15642 | Lair:2   | Reached skill level 10 in Armour
 16125 | Lair:2   | Noticed a seven-headed hydra
 16137 | Lair:2   | Killed a six-headed hydra
 16236 | Lair:2   | Reached XP level 13. HP: 103/122 MP: 19/19
 16333 | Lair:3   | Gained mutation: You have a pair of small antennae on your head. [potion of mutation]
 16333 | Lair:3   | Gained mutation: Your spells are a little easier to cast, but a little less powerful. [potion of mutation]
 17554 | Lair:4   | Found a staircase to the Shoals.
 17588 | Lair:4   | Found a labyrinth entrance.
 17599 | Lab      | Entered a labyrinth
 18094 | Lab      | Noticed a minotaur
 18103 | Lab      | Killed a minotaur
 18144 | Lab      | Identified the Compendium of the Traveller
 18169 | Lab      | Identified a +1 pair of boots of running (You found it in a labyrinth)
 18296 | Lair:4   | Found a hole to the Spider Nest.
 19627 | Lair:5   | Found a staircase to the Slime Pits.
 19819 | Lair:5   | Reached skill level 17 in Axes
 20364 | Lair:6   | Entered Level 6 of the Lair of Beasts
 20768 | Lair:6   | Reached XP level 14. HP: 129/129 MP: 21/21
 20789 | Lair:6   | Received a gift from Trog
 24337 | D:11     | Found a staircase to the Orcish Mines.
 24484 | D:11     | Received a gift from Trog
 24999 | D:12     | Got a sparkling bone ring
 25001 | D:12     | Identified the ring of Surprise {rPois rF+ Int+3 Stlth+} (You found it on level 12 of the Dungeon)
 25113 | D:12     | Lost mutation: Your spells are a little easier to cast, but a little less powerful. [mutagenic meat]
 26177 | D:12     | Received a gift from Trog
 26202 | D:12     | Found Gycaynt's Distillery.
 26222 | D:12     | Bought a potion of heal wounds for 75 gold pieces
 26222 | D:12     | Bought a potion of invisibility for 120 gold pieces
 26222 | D:12     | Bought a potion of mutation for 37 gold pieces
 26222 | D:12     | Bought a potion of ambrosia for 120 gold pieces
 26222 | D:12     | Bought a potion of curing for 45 gold pieces
 26222 | D:12     | Bought a potion of curing for 45 gold pieces
 26222 | D:12     | Bought a potion of haste for 150 gold pieces
 26222 | D:12     | Bought a potion of curing for 45 gold pieces
 26222 | D:12     | Lost mutation: You have a pair of small antennae on your head. [potion of mutation]
 26222 | D:12     | Gained mutation: Your body sometimes deteriorates upon taking damage. [potion of mutation]
 26322 | D:12     | Demolished by a very large slime creature

Skill      XL: |  1  2  3  4  5  6  7  8  9 10 11 12 13 14 |
---------------+-------------------------------------------+-----
Fighting       | 4 5 6 7 8 10 11 13 | 13.6
Axes           | 5 7 9 10 12 14 15 16 17 | 17.9
Armour         | 7 10 12 14 | 14.2
Evocations     | 4 6 7 9 |  9.2
Dodging        | 3 5 6 8 |  8.0

Action                   |  1- 3 |  4- 6 |  7- 9 | 10-12 | 13-15 || total
-------------------------+-------+-------+-------+-------+-------++-------
Melee: Hand axe          |   125 |   147 |       |       |       ||   272
       War axe           |       |    47 |   209 |   138 |   248 ||   642
       Executioner's axe |       |       |       |   366 |   295 ||   661
       Battleaxe         |       |       |       |    33 |    91 ||   124
Throw: Tomahawk          |       |       |       |     1 |       ||     1
Invok: Berserk           |     2 |     4 |     2 |     9 |     8 ||    25
       Trog's Hand       |       |     1 |     1 |     9 |    15 ||    26
       Brothers in Arms  |       |       |       |     1 |     5 ||     6
 Abil: Evoke Flight      |       |       |       |       |     1 ||     1
Evoke: Lamp of fire      |       |       |       |     1 |       ||     1
       Wand              |       |       |       |     1 |       ||     1
  Use: Scroll            |     2 |       |    11 |     5 |    17 ||    35
       Potion            |       |     3 |       |    11 |     2 ||    16
 Stab: Sleeping          |       |     1 |       |     4 |       ||     5
       Distracted        |       |       |       |     2 |       ||     2
  Eat: Chunk             |     4 |     9 |     7 |    25 |    37 ||    82
       Bread ration      |       |       |     2 |     5 |     1 ||     8
       Royal jelly       |       |       |       |       |     1 ||     1
       Fruit             |       |       |       |       |     4 ||     4
Armor: Animal skin       |    25 |    24 |       |       |       ||    49
       Chain mail        |       |    69 |   124 |    25 |       ||   218
       Scale mail        |       |       |       |   257 |   303 ||   560
Dodge: Dodged            |    86 |   105 |   100 |   392 |   432 ||  1115
Block: Buckler           |       |       |       |       |    17 ||    17
